 Dungeon Crawl Stone Soup version 0.23.2-33-g5129a83184 (console) character file.

Game seed: 1470184470236023200

72 FlyingSalmon the Covered (level 4, -2/29 HPs)
             Began as a Gargoyle Fighter on July 24, 2019.
             Was an Initiate of Elyvilon.
             Slain by a gnoll
             ... wielding a +0 halberd
              (9 damage)
             ... on level 3 of the Dungeon.
             The game lasted 00:05:34 (1080 turns).

FlyingSalmon the Covered (Gargoyle Fighter)         Turns: 1080, Time: 00:05:35

Health: -2/29      AC: 10    Str: 21    XL:     4   Next: 25%
Magic:  4/4        EV:  7    Int:  8    God:    Elyvilon [......]
Gold:   67         SH:  9    Dex:  9    Spells: 3/3 levels left

rFire    . . .     SeeInvis .   a - +0 flail
rCold    . . .     Gourm    .   c - +0 shield
rNeg     + . .     Faith    .   b - +0 scale mail
rPois    ∞         Spirit   .   (no helmet)
rElec    +         Reflect  .   (no cloak)
rCorr    .         Harm     .   (no gloves)
MR       .....     Rnd*Tele +   (no boots)
Stlth    ..........             (no amulet)
HPRegen  0.09/turn              i - ring of teleportation (curse)
MPRegen  0.09/turn              (no ring)

@: no status effects
A: negative energy resistance 1, electricity resistance, unbreathing,
petrification resistance, rot immunity, AC +3
a: Renounce Religion


You were on level 3 of the Dungeon.
You worshipped Elyvilon.
Elyvilon was noncommittal.
You were not hungry.

You visited 1 branch of the dungeon, and saw 3 of its levels.

You collected 67 gold pieces.

Inventory:

Hand Weapons
 a - a +0 flail (weapon)
 j - a +0 club
Missiles
 k - 14 stones (quivered)
Armour
 b - a +0 scale mail (worn)
 c - a +0 shield (worn)
Jewellery
 i - a cursed ring of teleportation (left hand)
Wands
 n - a wand of enslavement (12)
Scrolls
 l - 2 scrolls of magic mapping
Potions
 d - a potion of might
 e - a potion of flight {unknown}
 h - a potion of degeneration {unknown}
 m - a potion of berserk rage {unknown}
 o - a potion of curing {unknown}
Comestibles
 f - 5 rations
 g - 3 chunks of flesh


   Skills:
 + Level 3.7 Fighting
 * Level 3.0 Maces & Flails
 + Level 4.0 Armour
 * Level 0.9 Dodging
 + Level 3.4 Shields


You had 3 spell levels left.
You didn't know any spells.
Your spell library was empty.

Dungeon Overview and Level Annotations

Branches:
Dungeon (3/15)

Altars:
Elyvilon
Fedhas
Trog
Xom
Yredelemnul

Annotations:
D:2 Sigmund


Innate Abilities, Weirdness & Mutations

You are resistant to torment.
Your stone body is resilient. (AC +3)
You are immune to poison.
You resist negative energy. (rN+)
You are resistant to electric shocks. (rElec)
You can survive without breathing.
You are immune to petrification.
You are immune to rotting.


Message History

You block the gnoll's attack. The gnoll closely misses you.
The gnoll hits you from afar with a +0 halberd!
You block the gnoll's attack.
You are too injured to fight recklessly!
The gnoll hits you with a +0 spear. The gnoll barely misses you.
Things that are here:
a +0 club; a gnoll corpse You are too injured to fight recklessly!
You are too injured to fight recklessly!
You are too injured to fight recklessly!
You block the gnoll's attack.
You are too injured to fight recklessly!
You are too injured to fight recklessly!
The gnoll hits you with a +0 halberd.
* * * LOW HITPOINT WARNING * * *
The gnoll barely misses you.
You sock the gnoll!
The gnoll is severely wounded.
The gnoll hits you with a +0 halberd!
You die...

#####.## ##.#####
#......>..##.,, ..##.##
##....# #............,,
......## ##.###.#
#.)÷.........,,
..####.###.## #,*
#....?..g..g.,, ..# ##.#.##
#.* #.....(......,, #.#
##.## *#.#*#).>(......#>,,
..#
###.#####.#.##(......####,,,
#.# #........###ggg....###
**,* #.#
#.#.#####.#@####...# *,,
#.####.#.# *#.## ##### ***
#......#.# #.#
#.######.######.# ****** #.#
#.....##.## *,,,,, ..#
######.##..# *,****
#######..........# *,*
<[......####.##..# *,*
........# #.##..# *,*


You could see 3 gnolls.

Vanquished Creatures
  2 gnolls
  An adder (D:3)
  An ooze (D:1)
  2 worms
  4 leopard geckos
  An orc (D:3)
  3 bats
  A giant cockroach (D:3)
  A goblin (D:1)
  5 hobgoblins
  2 kobolds (D:1)
  A quokka (D:2)
  3 frilled lizards
  2 rats
29 creatures vanquished.

Notes
Turn   | Place    | Note
-------+----------+-------------------------------------------
     0 | D:1      | FlyingSalmon the Gargoyle Fighter began the quest for the
                  | Orb.
     0 | D:1      | Reached XP level 1. HP: 14/14 MP: 1/1
    91 | D:1      | Reached XP level 2. HP: 18/19 MP: 2/2
   370 | D:1      | Reached XP level 3. HP: 24/24 MP: 3/3
   608 | D:2      | Noticed Sigmund
   635 | D:2      | Found a white marble altar of Elyvilon.
   661 | D:2      | Found a basalt altar of Yredelemnul.
   663 | D:2      | Became a worshipper of Elyvilon the Healer
   666 | D:2      | Found a blossoming altar of Fedhas.
   666 | D:2      | Found a shimmering altar of Xom.
   671 | D:2      | Found a bloodstained altar of Trog.
   753 | D:2      | Found a basalt altar of Yredelemnul.
   960 | D:3      | Reached XP level 4. HP: 27/29 MP: 4/4
  1027 | D:3      | Reached skill level 4 in Armour
  1080 | D:3      | Slain by a gnoll

Skill      XL: |  1  2  3  4 |
---------------+-------------+-----
Armour         | 4 |  4.0
Maces & Flails | 3 |  3.0
Fighting       | |  3.7
Dodging        | |  0.9
Shields        | |  3.4

Action                   |  1- 3 |  4- 6 || total
-------------------------+-------+-------++-------
Melee: Flail             |   106 |    17 ||   123
Throw: Stone             |    11 |    23 ||    34
  Use: Scroll            |     1 |       ||     1
  Eat: Chunk             |       |     1 ||     1
Armor: Scale mail        |    53 |     9 ||    62
Dodge: Dodged            |    54 |    14 ||    68
Block: Shield            |    17 |    22 ||    39
